[ PARTIDA AOE2 · #495641734 ]
UnrankedBengalíes vs Gurjaras
Equipo del jugador · DERR
Equipo rival · VICT
[ ANÁLISIS DE REPETICIÓN · EXTRAÍDO DE LA PARTIDA GRABADA ]
Feudal
9:26
Castillos
21:18
Imperial
—
| APM promedio | 41.8 |
| APM pico | 102 |
| eAPM promedio | 24.4 |
| Aldeanos / militares | 92 / 135 |
Foco
⚔️ 39.9% · 🌾 60.1%
Spearman ×74 · Scout Cavalry ×29 · Battle Elephant ×15 · Ratha (Ranged) ×10 · Armored Elephant ×6 · Mangonel ×1
Feudal
8:53
Castillos
21:19
Imperial
37:26
| APM promedio | 30.0 |
| APM pico | 86 |
| eAPM promedio | 16.5 |
| Aldeanos / militares | 134 / 70 |
Foco
⚔️ 22.2% · 🌾 77.8%
Camel Scout ×27 · Chakram Thrower ×21 · Archer ×9 · Monk ×5 · Spearman ×4 · Trebuchet (Packed) ×2
Mapa de la partida
Recursos iniciales + cada clic de construcción. Líneas = muros · curvas = relieve. ◆ oro · ⬟ piedra · ● bayas · ✦ reliquia · ◌ hueco del cierre
Tu base· ✓ Cerrada en 21:18 · 28t muro · sin puerta
Base de bisbeed0g· Abierta — el rival se encerró
Terreno inicial suavizado · ◌ = hueco del cierre detectado · pasá el cursor para detalles
Inputs por minuto
— TicketedZero13 - - bisbeed0g
Build order — TicketedZero13
Primeras 150 de 354 acciones detectadas
| 0:01 | Encolar | Villager (Male) |
| 0:01 | Encolar | Villager (Male) |
| 0:01 | Encolar | Villager (Male) |
| 0:02 | Encolar | Villager (Male) |
| 0:02 | Encolar | Villager (Male) |
| 0:03 | Construir | House |
| 0:06 | Construir | House |
| 1:25 | Encolar | Villager (Male) |
| 1:26 | Encolar | Villager (Male) |
| 1:47 | Encolar | Villager (Male) |
| 1:47 | Encolar | Villager (Male) |
| 1:52 | Construir | Lumber Camp |
| 2:28 | Encolar | Villager (Male) |
| 2:28 | Encolar | Villager (Male) |
| 2:40 | Encolar | Villager (Male) |
| 2:41 | Encolar | Villager (Male) |
| 3:02 | Construir | House |
| 3:12 | Encolar | Villager (Male) |
| 3:13 | Encolar | Villager (Male) |
| 3:34 | Encolar | Villager (Male) |
| 3:34 | Encolar | Villager (Male) |
| 3:45 | Construir | Mill |
| 4:14 | Encolar | Villager (Male) |
| 4:14 | Encolar | Villager (Male) |
| 4:38 | Encolar | Villager (Male) |
| 4:38 | Encolar | Villager (Male) |
| 4:39 | Encolar | Villager (Male) |
| 4:50 | Encolar | Villager (Male) |
| 4:50 | Encolar | Villager (Male) |
| 5:02 | Encolar | Villager (Male) |
| 5:02 | Encolar | Villager (Male) |
| 5:10 | Encolar | Villager (Male) |
| 5:10 | Encolar | Villager (Male) |
| 5:19 | Investigar | Loom |
| 7:16 | Investigar | Feudal Age |
| 7:29 | Construir | Barracks |
| 7:32 | Construir | House |
| 9:08 | Construir | Palisade Wall |
| 9:26 | Edad | Edad Feudal |
| 9:28 | Construir | Stable |
| 9:31 | Encolar | Villager (Male) |
| 9:36 | Investigar | Double-Bit Axe |
| 9:52 | Encolar | Villager (Male) |
| 9:59 | Construir | Farm |
| 10:03 | Construir | Farm |
| 10:06 | Construir | Farm |
| 10:08 | Encolar | Villager (Male) |
| 10:15 | Construir | House |
| 10:19 | Construir | Palisade Wall |
| 10:20 | Encolar | Scout Cavalry |
| 10:20 | Encolar | Scout Cavalry |
| 10:29 | Construir | Farm |
| 10:47 | Encolar | Villager (Male) |
| 10:50 | Construir | Farm |
| 10:58 | Encolar | Villager (Male) |
| 11:05 | Construir | Farm |
| 11:12 | Encolar | Villager (Male) |
| 11:19 | Encolar | Scout Cavalry |
| 11:25 | Encolar | Villager (Male) |
| 11:30 | Construir | House |
| 11:35 | Construir | Palisade Wall |
| 11:36 | Construir | Palisade Wall |
| 11:44 | Encolar | Villager (Male) |
| 11:48 | Construir | Farm |
| 12:13 | Encolar | Villager (Male) |
| 12:15 | Construir | Farm |
| 12:18 | Construir | Farm |
| 12:18 | Encolar | Villager (Male) |
| 12:21 | Construir | Farm |
| 12:22 | Encolar | Villager (Male) |
| 13:13 | Encolar | Villager (Male) |
| 13:15 | Construir | Farm |
| 13:16 | Construir | Farm |
| 13:16 | Construir | Farm |
| 13:23 | Construir | House |
| 13:26 | Construir | Palisade Wall |
| 13:32 | Construir | House |
| 13:34 | Encolar | Villager (Male) |
| 13:41 | Construir | Farm |
| 14:05 | Encolar | Spearman |
| 14:07 | Encolar | Spearman |
| 14:16 | Construir | Farm |
| 14:18 | Encolar | Villager (Male) |
| 14:21 | Construir | Farm |
| 14:35 | Construir | House |
| 14:44 | Construir | Market |
| 14:48 | Construir | House |
| 14:53 | Construir | House |
| 14:55 | Encolar | Scout Cavalry |
| 14:55 | Encolar | Scout Cavalry |
| 14:57 | Encolar | Villager (Male) |
| 14:59 | Encolar | Villager (Male) |
| 15:04 | Construir | House |
| 15:12 | Construir | House |
| 15:16 | Construir | House |
| 15:29 | Construir | Farm |
| 15:30 | Encolar | Villager (Male) |
| 15:43 | Construir | House |
| 15:47 | Construir | House |
| 15:56 | Encolar | Villager (Male) |
| 16:08 | Construir | Watch Tower |
| 16:25 | Construir | Mining Camp |
| 16:26 | Encolar | Villager (Male) |
| 16:28 | Encolar | Scout Cavalry |
| 16:34 | Investigar | Wheelbarrow |
| 16:56 | Construir | Farm |
| 17:00 | Encolar | Villager (Male) |
| 17:04 | Encolar | Scout Cavalry |
| 17:26 | Construir | House |
| 17:48 | Construir | House |
| 17:53 | Encolar | Villager (Male) |
| 18:03 | Construir | Farm |
| 18:07 | Construir | Farm |
| 18:38 | Investigar | Castle Age |
| 18:46 | Construir | Blacksmith |
| 19:16 | Investigar | Bloodlines |
| 19:22 | Investigar | Horse Collar |
| 19:28 | Construir | House |
| 19:29 | Construir | House |
| 19:32 | Construir | House |
| 20:11 | Construir | Stable |
| 20:18 | Investigar | Forging |
| 20:34 | Investigar | Scale Barding Armor |
| 20:53 | Construir | House |
| 20:56 | Construir | House |
| 21:17 | Construir | Farm |
| 21:18 | Edad | Edad de los Castillos |
| 21:22 | Encolar | Battle Elephant |
| 21:22 | Encolar | Battle Elephant |
| 21:25 | Encolar | Battle Elephant |
| 21:25 | Encolar | Battle Elephant |
| 22:13 | Encolar | Battle Elephant |
| 22:13 | Encolar | Battle Elephant |
| 22:13 | Encolar | Battle Elephant |
| 22:14 | Encolar | Battle Elephant |
| 22:41 | Construir | Town Center |
| 22:44 | Encolar | Villager (Male) |
| 22:44 | Encolar | Villager (Male) |
| 22:49 | Encolar | Battle Elephant |
| 22:49 | Encolar | Battle Elephant |
| 22:50 | Encolar | Battle Elephant |
| 23:35 | Investigar | Chain Barding Armor |
| 23:37 | Encolar | Villager (Male) |
| 24:10 | Encolar | Battle Elephant |
| 24:10 | Encolar | Battle Elephant |
| 24:10 | Encolar | Battle Elephant |
| 24:11 | Encolar | Battle Elephant |
| 24:32 | Encolar | Spearman |
| 24:33 | Encolar | Spearman |
| 24:33 | Encolar | Spearman |
Build order — bisbeed0g
Primeras 150 de 326 acciones detectadas
| 0:01 | Encolar | Villager (Male) |
| 0:01 | Encolar | Villager (Male) |
| 0:04 | Construir | House |
| 0:06 | Construir | House |
| 0:11 | Encolar | Villager (Male) |
| 0:12 | Encolar | Villager (Male) |
| 0:27 | Construir | Mill |
| 1:34 | Encolar | Villager (Male) |
| 2:05 | Encolar | Villager (Male) |
| 2:28 | Encolar | Villager (Male) |
| 2:53 | Encolar | Villager (Male) |
| 2:53 | Encolar | Villager (Male) |
| 3:20 | Encolar | Villager (Male) |
| 3:38 | Construir | House |
| 3:48 | Encolar | Villager (Male) |
| 3:49 | Encolar | Villager (Male) |
| 4:10 | Encolar | Villager (Male) |
| 4:10 | Encolar | Villager (Male) |
| 4:19 | Encolar | Villager (Male) |
| 4:19 | Encolar | Villager (Male) |
| 4:31 | Encolar | Villager (Male) |
| 4:32 | Investigar | Loom |
| 5:46 | Construir | Lumber Camp |
| 6:42 | Investigar | Feudal Age |
| 6:57 | Encolar | Villager (Male) |
| 7:12 | Construir | House |
| 8:10 | Construir | Barracks |
| 8:53 | Edad | Edad Feudal |
| 9:00 | Encolar | Villager (Male) |
| 9:06 | Construir | Archery Range |
| 9:14 | Encolar | Spearman |
| 9:17 | Investigar | Double-Bit Axe |
| 9:20 | Encolar | Villager (Male) |
| 9:38 | Construir | House |
| 9:40 | Construir | House |
| 9:45 | Encolar | Archer |
| 9:54 | Encolar | Villager (Male) |
| 10:02 | Construir | Mining Camp |
| 10:14 | Encolar | Villager (Male) |
| 10:29 | Encolar | Villager (Male) |
| 10:34 | Investigar | Horse Collar |
| 10:42 | Construir | Farm |
| 10:54 | Construir | Palisade Wall |
| 10:59 | Construir | Palisade Wall |
| 11:03 | Encolar | Archer |
| 11:08 | Encolar | Villager (Male) |
| 11:08 | Encolar | Villager (Male) |
| 11:12 | Construir | Farm |
| 11:16 | Construir | Farm |
| 11:39 | Encolar | Archer |
| 11:41 | Encolar | Villager (Male) |
| 11:54 | Encolar | Spearman |
| 12:10 | Construir | Farm |
| 12:10 | Construir | Farm |
| 12:10 | Construir | Farm |
| 12:11 | Construir | Farm |
| 12:12 | Encolar | Villager (Male) |
| 12:19 | Encolar | Archer |
| 12:25 | Construir | Farm |
| 12:53 | Encolar | Villager (Male) |
| 12:53 | Encolar | Villager (Male) |
| 12:57 | Construir | House |
| 12:58 | Construir | House |
| 13:13 | Encolar | Villager (Male) |
| 13:23 | Encolar | Villager (Male) |
| 13:29 | Construir | Blacksmith |
| 13:42 | Encolar | Archer |
| 13:52 | Encolar | Villager (Male) |
| 14:00 | Encolar | Villager (Male) |
| 14:05 | Construir | Farm |
| 14:13 | Construir | Farm |
| 14:22 | Investigar | Fletching |
| 14:36 | Encolar | Villager (Male) |
| 14:40 | Construir | Farm |
| 14:48 | Construir | House |
| 14:53 | Construir | Farm |
| 14:53 | Encolar | Villager (Male) |
| 14:57 | Construir | Farm |
| 14:59 | Encolar | Villager (Male) |
| 15:16 | Encolar | Villager (Male) |
| 15:28 | Encolar | Villager (Male) |
| 15:35 | Encolar | Villager (Male) |
| 15:45 | Construir | Market |
| 16:04 | Encolar | Villager (Male) |
| 16:04 | Encolar | Villager (Male) |
| 16:15 | Encolar | Villager (Male) |
| 16:21 | Construir | House |
| 16:22 | Construir | House |
| 16:22 | Construir | House |
| 16:23 | Construir | House |
| 16:24 | Construir | House |
| 16:33 | Construir | Farm |
| 16:49 | Encolar | Villager (Male) |
| 16:56 | Construir | Farm |
| 17:00 | Construir | Farm |
| 17:11 | Encolar | Archer |
| 17:11 | Encolar | Archer |
| 17:18 | Encolar | Villager (Male) |
| 17:20 | Construir | Farm |
| 17:49 | Encolar | Archer |
| 17:55 | Construir | Farm |
| 17:59 | Construir | Farm |
| 18:35 | Encolar | Spearman |
| 18:39 | Investigar | Castle Age |
| 18:50 | Encolar | Archer |
| 18:56 | Encolar | Spearman |
| 19:08 | Construir | Stable |
| 19:11 | Investigar | Scale Barding Armor |
| 19:22 | Construir | Farm |
| 19:32 | Construir | Stable |
| 20:00 | Investigar | Bloodlines |
| 20:56 | Encolar | Camel Scout |
| 20:57 | Encolar | Camel Scout |
| 21:17 | Encolar | Villager (Male) |
| 21:19 | Edad | Edad de los Castillos |
| 21:20 | Construir | Town Center |
| 21:22 | Encolar | Camel Scout |
| 21:30 | Investigar | Forging |
| 21:40 | Investigar | Bow Saw |
| 21:49 | Encolar | Camel Scout |
| 21:53 | Encolar | Villager (Male) |
| 22:03 | Encolar | Villager (Male) |
| 22:03 | Encolar | Villager (Male) |
| 22:17 | Encolar | Villager (Male) |
| 22:26 | Construir | Monastery |
| 22:28 | Encolar | Villager (Male) |
| 22:28 | Encolar | Villager (Male) |
| 22:32 | Encolar | Camel Scout |
| 22:32 | Encolar | Camel Scout |
| 22:34 | Encolar | Camel Scout |
| 23:06 | Encolar | Monk |
| 23:18 | Encolar | Villager (Male) |
| 23:19 | Encolar | Villager (Male) |
| 23:55 | Encolar | Villager (Male) |
| 23:55 | Encolar | Villager (Male) |
| 24:13 | Encolar | Villager (Male) |
| 24:27 | Encolar | Villager (Male) |
| 24:35 | Encolar | Camel Scout |
| 24:35 | Encolar | Camel Scout |
| 24:40 | Construir | Siege Workshop |
| 24:50 | Encolar | Monk |
| 24:52 | Encolar | Camel Scout |
| 24:53 | Encolar | Villager (Male) |
| 24:53 | Encolar | Villager (Male) |
| 24:53 | Encolar | Villager (Male) |
| 25:23 | Encolar | Villager (Male) |
| 25:24 | Encolar | Villager (Male) |
| 25:24 | Encolar | Villager (Male) |
| 25:28 | Encolar | Camel Scout |
| 25:29 | Encolar | Camel Scout |
Cronología de la partida
| 7:29 | TicketedZero13 · first_building Barracks |
| 8:10 | bisbeed0g · first_building Barracks |
| 8:53 | bisbeed0g · age_up feudal |
| 9:06 | bisbeed0g · first_building Archery Range |
| 9:08 | TicketedZero13 · wall_segment Palisade Wall x1 |
| 9:26 | TicketedZero13 · age_up feudal |
| 9:28 | TicketedZero13 · first_building Stable |
| 10:19 | TicketedZero13 · wall_segment Palisade Wall x6 |
| 10:54 | bisbeed0g · wall_segment Palisade Wall x11 |
| 10:59 | bisbeed0g · wall_segment Palisade Wall x14 |
| 11:35 | TicketedZero13 · wall_segment Palisade Wall x9 |
| 11:36 | TicketedZero13 · wall_segment Palisade Wall x1 |
| 13:26 | TicketedZero13 · wall_segment Palisade Wall x11 |
| 18:05 | bisbeed0g · first_market_sell 100 stone |
| 18:10 | bisbeed0g · first_market_buy 100 food |
| 19:08 | bisbeed0g · first_building Stable |
| 21:18 | TicketedZero13 · age_up castle |
| 21:19 | bisbeed0g · age_up castle |
| 22:26 | bisbeed0g · first_building Monastery |
| 22:33 | TicketedZero13 · first_market_sell 100 food |
| 22:36 | TicketedZero13 · first_market_buy 100 stone |
| 24:40 | bisbeed0g · first_building Siege Workshop |
| 27:53 | TicketedZero13 · first_building Siege Workshop |
| 29:19 | TicketedZero13 · wall_segment Palisade Wall x1 |
| 32:21 | bisbeed0g · first_building Castle |
| 33:26 | TicketedZero13 · first_building Castle |
| 33:53 | TicketedZero13 · wall_segment Palisade Wall x2 |
| 37:26 | bisbeed0g · age_up imperial |
| 40:15 | TicketedZero13 · resign |
[ ANÁLISIS IA · 1 CRÉDITO ]
¿Qué pasó realmente en esta partida?
Wolo.gg analiza cada decisión: build order, eco, micro, errores típicos por bracket. Análisis personalizado por WhatsApp o Discord en 30 segundos.
Guía civ
Bengalíes
Perfil
TicketedZero13